 Dungeon Crawl Stone Soup version 0.23-a0-644-gb60d84b (webtiles) character file.

212 Lanoc the Ruffian (level 5, -4/79 HPs)
             Began as a Troll Monk on Jan 1, 2019.
             Was a Believer of Elyvilon.
             Slain by a two-headed ogre
             ... wielding a +0 giant spiked club
              (23 damage)
             ... on level 3 of the Dungeon.
             The game lasted 00:04:48 (1867 turns).

Lanoc the Ruffian (Troll Monk)                      Turns: 1867, Time: 00:04:50

Health: -4/79      AC:  5    Str: 25    XL:     5   Next: 58%
Magic:  4/4        EV: 11    Int:  6    God:    Elyvilon [**....]
Gold:   178        SH:  0    Dex: 12    Spells: 4/4 levels left

rFire    . . .     SeeInvis .     - Unarmed
rCold    . . .     Gourm    +   (no shield)
rNeg     . . .     Faith    .   a - +0 robe
rPois    .         Spirit   .   (helmet restricted)
rElec    .         Reflect  .   (no cloak)
rCorr    .         Harm     .   (gloves unavailable)
MR       .....                  (boots unavailable)
Stlth    ..........             (no amulet)
HPRegen  0.63/turn              (no ring)
MPRegen  0.09/turn              (no ring)

@: berserking, very quick
A: large, unfitting armour, claws 3, fast metabolism 3, gourmand, regeneration
1, shaggy fur 1, tough skin 2
a: Lesser Healing, Heal Other, Divine Protection, Renounce Religion


You were on level 3 of the Dungeon.
You worshipped Elyvilon.
Elyvilon was pleased with you.
You were very full.

You visited 1 branch of the dungeon, and saw 3 of its levels.

You collected 178 gold pieces.

Inventory:

Armour
 a - a +0 robe (worn)
Jewellery
 k - an uncursed ring of ice
Scrolls
 d - a scroll of fog {unknown}
 f - 5 scrolls of remove curse
 i - a scroll of amnesia
Potions
 c - 3 potions of curing {unknown}
 e - a potion of haste
Comestibles
 b - 5 rations


   Skills:
 + Level 3.1 Fighting
 + Level 1.9 Throwing
 + Level 3.1 Dodging
 - Level 1.0 Stealth
 * Level 4.6 Unarmed Combat


You had 4 spell levels left.
You didn't know any spells.
Your spell library was empty.

Dungeon Overview and Level Annotations

Branches:
Dungeon (3/15)

Altars:
Elyvilon
Nemelex Xobeh

Annotations:
D:3 2 transporters, Amnesiac's ghost, amateur SpBe


Innate Abilities, Weirdness & Mutations

You are too large for most types of armour.
You have claws for hands.
Your metabolism is lightning-fast.
You like to eat raw meat.
Your natural rate of healing is unusually fast.
You are covered in fur. (AC +1)
You have very tough skin. (AC +2)


Message History

The two-headed ogre is moderately wounded.
You mangle the two-headed ogre!!
The two-headed ogre is severely wounded.
The two-headed ogre hits you with a +0 giant spiked club!
The two-headed ogre barely misses you.
You closely miss the two-headed ogre.
The two-headed ogre is severely wounded.
You completely miss the two-headed ogre.
The two-headed ogre is severely wounded.
The rat closely misses you.
The two-headed ogre hits you with a +0 giant spiked club!!
* * * LOW HITPOINT WARNING * * *
The two-headed ogre misses you.
You scratch the two-headed ogre.
The two-headed ogre is severely wounded.
You claw the two-headed ogre!
The two-headed ogre is almost dead.
The rat closely misses you.
The two-headed ogre hits you with a +0 giant spiked club!!
You die...

#.........# #### #....)....# ...#
#(........# ####### ...#
#.).......# ###.....# ...#
#####.##..#####.......####
..O#########..##.......#.......<.
.......O............O.r..####..#.
....########.>.rO#######.##......
....## ####..##@..## #..#.#..##
.....# #......###..# ##........
...#.####.###### #### ##..#..##
####......# # ...©.....#O.....#
......#.### #.# .#.#..#.#.r....#
........... #.. #...##..##.##..#
(......#### #..##...##..#..##...
..÷....# #.#..#.#..#.#.###<##
.......# ##©...[/....O#.###..#


You could see a two-headed ogre and a rat.

Vanquished Creatures
  A centaur zombie (D:2)
  An orc priest (D:3)
  A hound (D:2)
  4 adders
  2 oozes
  2 worms (D:2)
  2 dart slugs (D:1)
  A leopard gecko (D:2)
  3 orcs (D:3)
  A ball python (D:3)
  A giant cockroach (D:3)
  6 goblins
  7 hobgoblins
  4 jackals (D:1)
  A quokka (D:2)
  6 bats
  5 frilled lizards
  8 kobolds
  6 rats
62 creatures vanquished.

Notes
Turn   | Place    | Note
-------+----------+-------------------------------------------
     0 | D:1      | Lanoc the Troll Monk began the quest for the Orb.
     0 | D:1      | Reached XP level 1. HP: 22/22 MP: 0/0
   162 | D:1      | Reached XP level 2. HP: 29/29 MP: 1/1
   654 | D:1      | Reached XP level 3. HP: 36/36 MP: 2/2
   859 | D:2      | Reached skill level 1 in Throwing
  1008 | D:2      | Reached skill level 4 in Unarmed Combat
  1008 | D:2      | Reached XP level 4. HP: 29/44 MP: 3/3
  1050 | D:2      | Found a white marble altar of Elyvilon.
  1071 | D:2      | Became a worshipper of Elyvilon the Healer
  1071 | D:2      | Reached * piety under Elyvilon
  1071 | D:2      | Reached ** piety under Elyvilon
  1244 | D:2      | Reached XP level 5. HP: 43/53 MP: 4/4
  1491 | D:3      | Noticed a two-headed ogre
  1564 | D:3      | Found a transporter.
  1582 | D:3      | Found a transporter.
  1582 | D:3      | Noticed Amnesiac's ghost (amateur SpBe)
  1584 | D:3      | Identified the +5 dire flail of Qazlal's Approval {freeze,
                  | MR+ MP+9 Int+4 SInv}
  1584 | D:3      | Noticed an ogre
  1750 | D:3      | Found a sparkling altar of Nemelex Xobeh.
  1867 | D:3      | Slain by a two-headed ogre

Vault maps used:
D:1:      shiori_arrival_oz, grunt_decor_arrowhead
D:2:      first_ration, elyvilon_altar_4
D:3:      bloody_trog, grunt_dithmenos_smoke, nemelex_altar_shiori,
          gammafunk_ghost_smash, minmay_cupped

Skill      XL: |  1  2  3  4 |
---------------+-------------+-----
Throwing       | 1 |  1.9
Unarmed Combat | 4 |  4.6
Fighting       | 3 |  3.1
Dodging        | 3 |  3.1
Stealth        | |  1.0

Action                   |  1- 3 |  4- 6 || total
-------------------------+-------+-------++-------
Melee: Unarmed           |    85 |    68 ||   153
       Punch             |     1 |       ||     1
  Use: Scroll            |       |     6 ||     6
       Potion            |       |     1 ||     1
 Stab: Sleeping          |     6 |       ||     6
  Eat: Chunk             |    15 |     7 ||    22
Armor: Robe              |    32 |    10 ||    42
Dodge: Dodged            |    38 |    46 ||    84

Table legend:
 A = Non-vault XP
 B = Vault XP
 C = Vault XP percentage of total XP
 D = Non-vault monster count
 E = Vault monster count
 F = Vault count percentage of total count
                 A         B        C        D         E       F
            +---------+---------+-------+---------+---------+-------
      Total |     299 |       5 |   1.6 |      59 |       3 |   4.8
            +---------+---------+-------+---------+---------+-------
        D:1 |      42 |       3 |   6.7 |      20 |       2 |   9.1
        D:2 |     173 |       0 |   0.0 |      24 |       0 |   0.0
        D:3 |      84 |       2 |   2.3 |      15 |       1 |   6.2
            +---------+---------+-------+---------+---------+-------
